Connexion

CAROLINA Hurricanes vs TORONTO Maple Leafs

Created - 23 mars 2024 at 05:59

Goals
1 2 3 T
CAROLINA Hurricanes 2 1 1 4
TORONTO Maple Leafs 2 0 1 3
Shots
1 2 3 T
CAROLINA Hurricanes 17 7 14 38
TORONTO Maple Leafs 8 7 13 28

GoalsPenalties
1st period
1. TORONTO Maple Leafs , Quinn Hughes 23 (Alex Debrincat 42, Jordan Kyrou 45) at 0:40
2. TORONTO Maple Leafs , Jake Muzzin 9 (Jonathan Huberdeau 17, Corey Perry 27) at 8:10
3. CAROLINA Hurricanes , Curtis Lazar 10 (Blake Wheeler 9, KAndre Miller 19) at 12:34
4. CAROLINA Hurricanes , Colton Sissons 15 (Curtis Lazar 16, Cam York 25) at 17:07
Corey Perry (TOR) for Interference (Minor) at 0:53
Connor Dewar (CAR) for High sticking (Minor) at 3:33
2nd period
5. CAROLINA Hurricanes , James van Riemsdyk 23 (Wayne Simmonds 35, Brett Pesce 36) at 16:37
Alex Goligoski (TOR) for Slashing (Minor) at 18:06
3rd period
6. TORONTO Maple Leafs , Chad Ruhwedel 15 (Quinn Hughes 52, Mason Marchment 36) at 3:38
7. CAROLINA Hurricanes , Marcus Johansson 25 (Wayne Simmonds 36, KAndre Miller 20) at 8:31
Jonathan Huberdeau (TOR) for Slashing (Minor) at 9:36
Colton Sissons (CAR) for Hooking (Minor) at 15:24
Wayne Simmonds (CAR) for Holding Stick (Minor) at 18:43
Goalie Stats
Antti Raanta (CAR), 25 saves from 28 shots - (0,893), W, 6-10-1, 60:00 minutes
Keith Kinkaid (TOR), 34 saves from 38 shots - (0,895), L, 9-14-3, 59:01 minutes
3 StarsOfficial
1 - Curtis Lazar (CAR)
2 - KAndre Miller (CAR)
3 - Colton Sissons (CAR)
Referees : Dan O'Rourke and Dan Marouelli
Linesman : Tim Nowak and Pierre Champoux
Game Note
No Game Note
Finance
Level 1 -- Attendance: 5492 (91,53%) -- Ticket Income $713,960
Level 2 -- Attendance: 5538 (95,17%) -- Ticket Income $415,350
Level 3 -- Attendance: 1859 (92,95%) -- Ticket Income $92,950
Level 4 -- Attendance: 3841 (96,03%) -- Ticket Income $115,230
Luxury Box -- Attendance: 910 (91,00%) -- Ticket Income $236,600
Game was played at the Air Canada Centre.
Total Attendance: 17640 (93,74%)
Total Ticket Income: $1,574,090
Other Income: $314,818
Total Income: $1,888,908



Team Name Goals Shots Shots Attemp Shots Blocked PIM HIT PP PK FO%
CAROLINA Hurricanes 4386386240 / 3 (0%)045%
TORONTO Maple Leafs 3285976240 / 3 (0%)055%

CAROLINA Hurricanes
Player Name POS G A P +/- PIM HIT SHT SB MP PP MP PP SHT PK MP PK SHT FO% FOT
Alexandre TexierC/LW000000103:020:0000:0000% 0
Blake LizotteC000000000:510:0000:510100% 1
Blake WheelerLW/RW0112016013:020:0000:0000% 2
Brandon SutterC/RW000-2002019:312:4300:0000% 0
Brett PesceD0110011326:363:1402:4900% 0
Cam YorkD0113010112:050:0000:0000% 0
Colton SissonsC/LW/RW1012245013:570:0000:56071% 17
Connor DewarC000021103:010:0000:00071% 7
Curtis LazarC/LW/RW1122012013:020:0000:000100% 2
Esa LindellD000-2022021:192:4312:2500% 0
James van RiemsdykLW/RW1011004021:223:1412:11050% 2
KAndre MillerD0223020012:050:0000:0000% 0
Marcus JohanssonC/LW/RW1011003025:173:1413:04044% 36
Owen PowerD000-2001321:192:4302:2500% 0
Pontus AbergLW/RW000-2004019:312:4310:0000% 0
Ryan EllisD0000010126:363:1402:4900% 0
Tyler MotteC/LW/RW000-2040020:502:4301:19020% 25
Wayne SimmondsLW/RW0221266021:173:1402:0700% 2
TORONTO Maple Leafs
Player Name POS G A P +/- PIM HIT SHT SB MP PP MP PP SHT PK MP PK SHT FO% FOT
Alex ChiassonLW/RW000000006:130:0000:590100% 1
Alex DebrincatC/LW/RW0110012020:582:4900:0000% 1
Alex GoligoskiD0001200220:292:3001:4500% 0
Brady TkachukLW0000062011:071:0900:0000% 0
Chad RuhwedelD101-2032024:462:3003:0500% 0
Christopher WagnerC/RW0000000010:512:2503:12071% 7
Corey PerryRW011-1212117:130:0001:4600% 0
Derick BrassardC/LW/RW000000009:580:0000:00050% 12
Dominik KahunC/LW/RW000000309:580:0000:000100% 1
Drew DoughtyD0000011214:020:0001:2000% 0
Jack McbainC000000005:140:0000:00050% 2
Jake MuzzinD1011041122:322:4402:5200% 0
Jakub VranaLW/RW000-1011021:292:4903:12067% 3
Jonathan HuberdeauC/LW011-1253016:431:1600:00059% 27
Jordan KyrouC/RW0110003020:582:4900:00055% 33
Mason MarchmentC/LW0110025023:192:2502:45129% 7
Quinn HughesD112-2003124:191:3502:5200% 0
Sebastian AhoD0000000013:511:0900:0000% 0



Play-by-Play

1st period


0:01 of 1st period - Jordan Kyrou wins face-off versus Marcus Johansson in neutral zone.
0:15 of 1st period - Icing by Quinn Hughes.
0:16 of 1st period - Jordan Kyrou wins face-off versus Tyler Motte in TORONTO Maple Leafs zone.
0:16 of 1st period - Jordan Kyrou is hit by Tyler Motte.
0:38 of 1st period - Shot by Alex Debrincat.
0:38 of 1st period - Shot Misses the Net.
0:40 of 1st period - Shot by Quinn Hughes.
0:40 of 1st period - Goal by Quinn Hughes - CAROLINA Hurricanes : 0 - TORONTO Maple Leafs : 1.
0:41 of 1st period - Colton Sissons wins face-off versus Jonathan Huberdeau in neutral zone.
0:41 of 1st period - Colton Sissons is hit by Corey Perry.
0:53 of 1st period - Minor Penalty to Corey Perry for Interference.
0:54 of 1st period - Marcus Johansson wins face-off versus Christopher Wagner in TORONTO Maple Leafs zone.
1:17 of 1st period - Shot by James van Riemsdyk.
1:17 of 1st period - Deflect By Marcus Johansson.
1:17 of 1st period - Stopped by Keith Kinkaid without a rebound.
1:18 of 1st period - Mason Marchment wins face-off versus Tyler Motte in TORONTO Maple Leafs zone.
1:30 of 1st period - Owen Power is hit by Chad Ruhwedel and loses puck.
2:31 of 1st period - Shot by James van Riemsdyk.
2:31 of 1st period - Shot Misses the Net.
2:33 of 1st period - Shot by James van Riemsdyk.
2:33 of 1st period - Stopped by Keith Kinkaid without a rebound.
2:34 of 1st period - James van Riemsdyk wins face-off versus Mason Marchment in TORONTO Maple Leafs zone.
3:28 of 1st period - Off-side.
3:29 of 1st period - Connor Dewar wins face-off versus Jonathan Huberdeau in neutral zone.
3:32 of 1st period - Alex Goligoski is hit by Connor Dewar.
3:33 of 1st period - Minor Penalty to Connor Dewar for High sticking.
3:34 of 1st period - Marcus Johansson wins face-off versus Jordan Kyrou in CAROLINA Hurricanes zone.
4:55 of 1st period - Shot by Mason Marchment.
4:55 of 1st period - Shot Misses the Net.
5:01 of 1st period - Shot by Chad Ruhwedel.
5:01 of 1st period - Shot Misses the Net.
5:09 of 1st period - Shot by Mason Marchment.
5:09 of 1st period - Shot Misses the Net.
5:19 of 1st period - Shot by Jake Muzzin.
5:19 of 1st period - Shot Blocked by Owen Power.
5:41 of 1st period - Shot by Colton Sissons.
5:41 of 1st period - Stopped by Keith Kinkaid with a rebound.
5:43 of 1st period - Shot by Blake Wheeler.
5:43 of 1st period - Stopped by Keith Kinkaid with a rebound.
5:45 of 1st period - Shot by Colton Sissons.
5:45 of 1st period - Stopped by Keith Kinkaid without a rebound.
5:46 of 1st period - Derick Brassard wins face-off versus Colton Sissons in TORONTO Maple Leafs zone.
5:46 of 1st period - Derick Brassard is hit by Colton Sissons.
5:52 of 1st period - Curtis Lazar is hit by Brady Tkachuk and loses puck.
6:04 of 1st period - Shot by Blake Wheeler.
6:04 of 1st period - Shot Misses the Net.
6:10 of 1st period - Shot by Colton Sissons.
6:10 of 1st period - Stopped by Keith Kinkaid without a rebound.
6:11 of 1st period - Christopher Wagner wins face-off versus Connor Dewar in TORONTO Maple Leafs zone.
6:23 of 1st period - Marcus Johansson is hit by Jake Muzzin and loses puck.
6:26 of 1st period - Shot by Connor Dewar.
6:26 of 1st period - Shot Misses the Net.
6:30 of 1st period - Shot by Marcus Johansson.
6:30 of 1st period - Shot Misses the Net.
6:42 of 1st period - Shot by Marcus Johansson.
6:42 of 1st period - Stopped by Keith Kinkaid with a rebound.
6:44 of 1st period - Shot by Alexandre Texier.
6:44 of 1st period - Stopped by Keith Kinkaid without a rebound.
6:45 of 1st period - Jordan Kyrou wins face-off versus Tyler Motte in TORONTO Maple Leafs zone.
7:07 of 1st period - Icing by Quinn Hughes.
7:08 of 1st period - Jordan Kyrou wins face-off versus Marcus Johansson in TORONTO Maple Leafs zone.
7:08 of 1st period - Jordan Kyrou is hit by Wayne Simmonds.
8:02 of 1st period - Icing by Jake Muzzin.
8:03 of 1st period - Jonathan Huberdeau wins face-off versus Tyler Motte in TORONTO Maple Leafs zone.
8:08 of 1st period - Shot by Jonathan Huberdeau.
8:08 of 1st period - Stopped by Antti Raanta with a rebound.
8:10 of 1st period - Shot by Jake Muzzin.
8:10 of 1st period - Goal by Jake Muzzin - CAROLINA Hurricanes : 0 - TORONTO Maple Leafs : 2.
8:11 of 1st period - Tyler Motte wins face-off versus Jonathan Huberdeau in neutral zone.
8:14 of 1st period - Shot by Pontus Aberg.
8:14 of 1st period - Stopped by Keith Kinkaid with a rebound.
8:45 of 1st period - Jonathan Huberdeau is hit by Esa Lindell and loses puck.
9:03 of 1st period - Owen Power is hit by Brady Tkachuk and loses puck.
9:14 of 1st period - Shot by Derick Brassard.
9:14 of 1st period - Shot Misses the Net.
9:26 of 1st period - Shot by Derick Brassard.
9:26 of 1st period - Shot Misses the Net.
9:52 of 1st period - Brandon Sutter is hit by Alex Debrincat and loses puck.
10:07 of 1st period - Shot by Alex Debrincat.
10:07 of 1st period - Shot Misses the Net.
10:09 of 1st period - Shot by Mason Marchment.
10:09 of 1st period - Shot Blocked by Owen Power.
11:26 of 1st period - Shot by Wayne Simmonds.
11:26 of 1st period - Shot Misses the Net.
11:28 of 1st period - Shot by Brett Pesce.
11:28 of 1st period - Stopped by Keith Kinkaid without a rebound.
11:29 of 1st period - Jonathan Huberdeau wins face-off versus Colton Sissons in TORONTO Maple Leafs zone.
11:29 of 1st period - Jonathan Huberdeau is hit by Colton Sissons.
11:34 of 1st period - Icing by Quinn Hughes.
11:35 of 1st period - Colton Sissons wins face-off versus Jonathan Huberdeau in TORONTO Maple Leafs zone.
11:48 of 1st period - Shot by Blake Wheeler.
11:48 of 1st period - Stopped by Keith Kinkaid without a rebound.
11:49 of 1st period - Jordan Kyrou wins face-off versus Marcus Johansson in TORONTO Maple Leafs zone.
12:15 of 1st period - Shot by Jordan Kyrou.
12:15 of 1st period - Stopped by Antti Raanta without a rebound.
12:16 of 1st period - Colton Sissons wins face-off versus Jonathan Huberdeau in CAROLINA Hurricanes zone.
12:20 of 1st period - Off-side.
12:21 of 1st period - Jonathan Huberdeau wins face-off versus Blake Wheeler in neutral zone.
12:34 of 1st period - Shot by Curtis Lazar.
12:34 of 1st period - Goal by Curtis Lazar - CAROLINA Hurricanes : 1 - TORONTO Maple Leafs : 2.
12:35 of 1st period - Jordan Kyrou wins face-off versus Wayne Simmonds in neutral zone.
12:53 of 1st period - Icing by Wayne Simmonds.
12:54 of 1st period - Marcus Johansson wins face-off versus Jonathan Huberdeau in CAROLINA Hurricanes zone.
15:28 of 1st period - Shot by Derick Brassard.
15:28 of 1st period - Shot Blocked by Owen Power.
15:34 of 1st period - Shot by Dominik Kahun.
15:34 of 1st period - Stopped by Antti Raanta without a rebound.
15:35 of 1st period - Jack Mcbain wins face-off versus Wayne Simmonds in CAROLINA Hurricanes zone.
16:41 of 1st period - Shot by Blake Wheeler.
16:41 of 1st period - Stopped by Keith Kinkaid without a rebound.
16:42 of 1st period - Jordan Kyrou wins face-off versus Colton Sissons in TORONTO Maple Leafs zone.
16:42 of 1st period - Jordan Kyrou is hit by Blake Wheeler.
16:45 of 1st period - Chad Ruhwedel is hit by Colton Sissons and loses puck.
17:07 of 1st period - Shot by Colton Sissons.
17:07 of 1st period - Goal by Colton Sissons - CAROLINA Hurricanes : 2 - TORONTO Maple Leafs : 2.
17:08 of 1st period - Connor Dewar wins face-off versus Jonathan Huberdeau in neutral zone.
17:23 of 1st period - Shot by Corey Perry.
17:23 of 1st period - Stopped by Antti Raanta without a rebound.
17:24 of 1st period - Tyler Motte wins face-off versus Jordan Kyrou in CAROLINA Hurricanes zone.
17:38 of 1st period - Icing by Chad Ruhwedel.
17:39 of 1st period - Jordan Kyrou wins face-off versus Marcus Johansson in TORONTO Maple Leafs zone.
17:39 of 1st period - Alex Debrincat is hit by Wayne Simmonds and loses puck.
17:55 of 1st period - Shot by James van Riemsdyk.
17:55 of 1st period - Stopped by Keith Kinkaid without a rebound.
17:56 of 1st period - Jonathan Huberdeau wins face-off versus Tyler Motte in TORONTO Maple Leafs zone.
18:06 of 1st period - Shot by Tyler Motte.
18:06 of 1st period - Shot Misses the Net.
18:16 of 1st period - Shot by Brandon Sutter.
18:16 of 1st period - Stopped by Keith Kinkaid without a rebound.
18:17 of 1st period - Jordan Kyrou wins face-off versus Marcus Johansson in TORONTO Maple Leafs zone.
18:17 of 1st period - Jordan Kyrou is hit by Wayne Simmonds.
18:35 of 1st period - Shot by Wayne Simmonds.
18:35 of 1st period - Stopped by Keith Kinkaid without a rebound.
18:36 of 1st period - Jonathan Huberdeau wins face-off versus Tyler Motte in TORONTO Maple Leafs zone.
18:41 of 1st period - Shot by Jakub Vrana.
18:41 of 1st period - Shot Misses the Net.
19:21 of 1st period - Alex Goligoski is hit by Tyler Motte and loses puck.
19:43 of 1st period - Shot by Alex Debrincat.
19:43 of 1st period - Stopped by Antti Raanta with a rebound.
19:45 of 1st period - Shot by Chad Ruhwedel.
19:45 of 1st period - Shot Misses the Net.
19:47 of 1st period - Shot by Mason Marchment.
19:47 of 1st period - Stopped by Antti Raanta without a rebound.
19:48 of 1st period - Derick Brassard wins face-off versus Marcus Johansson in CAROLINA Hurricanes zone.
Goals for this period are 2 for CAROLINA Hurricanes vs 2 for TORONTO Maple Leafs.
Shots for this period are 17 for CAROLINA Hurricanes vs 8 for TORONTO Maple Leafs.

2nd period


0:01 of 2nd period - Marcus Johansson wins face-off versus Jordan Kyrou in neutral zone.
0:19 of 2nd period - Jordan Kyrou is hit by Brett Pesce and loses puck.
0:28 of 2nd period - Alex Debrincat is hit by Wayne Simmonds and loses puck.
0:37 of 2nd period - Shot by Mason Marchment.
0:37 of 2nd period - Shot Blocked by Brett Pesce.
0:39 of 2nd period - Shot by Jordan Kyrou.
0:39 of 2nd period - Stopped by Antti Raanta without a rebound.
0:40 of 2nd period - Colton Sissons wins face-off versus Derick Brassard in CAROLINA Hurricanes zone.
0:58 of 2nd period - Icing by Esa Lindell.
0:59 of 2nd period - Colton Sissons wins face-off versus Jonathan Huberdeau in CAROLINA Hurricanes zone.
1:05 of 2nd period - Curtis Lazar is hit by Jake Muzzin and loses puck.
1:15 of 2nd period - Off-side.
1:16 of 2nd period - Jordan Kyrou wins face-off versus Marcus Johansson in neutral zone.
1:43 of 2nd period - Shot by Quinn Hughes.
1:43 of 2nd period - Shot Misses the Net.
1:45 of 2nd period - Shot by Alex Debrincat.
1:45 of 2nd period - Shot Blocked by Brett Pesce.
1:47 of 2nd period - Shot by Alex Debrincat.
1:47 of 2nd period - Shot Misses the Net.
1:51 of 2nd period - Shot by Alex Debrincat.
1:51 of 2nd period - Stopped by Antti Raanta without a rebound.
1:52 of 2nd period - Colton Sissons wins face-off versus Jonathan Huberdeau in CAROLINA Hurricanes zone.
1:52 of 2nd period - Colton Sissons is hit by Jakub Vrana.
2:02 of 2nd period - Shot by Jonathan Huberdeau.
2:02 of 2nd period - Shot Misses the Net.
2:04 of 2nd period - Shot by Jonathan Huberdeau.
2:04 of 2nd period - Shot Misses the Net.
2:18 of 2nd period - Shot by Blake Wheeler.
2:18 of 2nd period - Shot Blocked by Drew Doughty.
2:50 of 2nd period - Brett Pesce is hit by Jonathan Huberdeau and loses puck.
3:06 of 2nd period - Off-side.
3:07 of 2nd period - Marcus Johansson wins face-off versus Jordan Kyrou in neutral zone.
3:28 of 2nd period - Shot by Mason Marchment.
3:28 of 2nd period - Stopped by Antti Raanta without a rebound.
3:29 of 2nd period - Dominik Kahun wins face-off versus Tyler Motte in CAROLINA Hurricanes zone.
4:33 of 2nd period - Icing by Esa Lindell.
4:34 of 2nd period - Jordan Kyrou wins face-off versus Marcus Johansson in CAROLINA Hurricanes zone.
5:17 of 2nd period - Shot by Owen Power.
5:17 of 2nd period - Stopped by Keith Kinkaid with a rebound.
5:28 of 2nd period - Icing by Esa Lindell.
5:29 of 2nd period - Jonathan Huberdeau wins face-off versus James van Riemsdyk in CAROLINA Hurricanes zone.
5:38 of 2nd period - Shot by Corey Perry.
5:38 of 2nd period - Shot Misses the Net.
5:58 of 2nd period - Shot by Jakub Vrana.
5:58 of 2nd period - Stopped by Antti Raanta without a rebound.
5:59 of 2nd period - Derick Brassard wins face-off versus Tyler Motte in CAROLINA Hurricanes zone.
5:59 of 2nd period - Derick Brassard is hit by Cam York.
6:19 of 2nd period - Shot by Pontus Aberg.
6:19 of 2nd period - Shot Misses the Net.
6:33 of 2nd period - Shot by Jake Muzzin.
6:33 of 2nd period - Shot Blocked by Cam York.
7:16 of 2nd period - Shot by Mason Marchment.
7:16 of 2nd period - Stopped by Antti Raanta with a rebound.
7:22 of 2nd period - Ryan Ellis is hit by Mason Marchment and loses puck.
8:12 of 2nd period - Icing by Esa Lindell.
8:13 of 2nd period - Connor Dewar wins face-off versus Christopher Wagner in CAROLINA Hurricanes zone.
8:26 of 2nd period - Shot by Esa Lindell.
8:26 of 2nd period - Stopped by Keith Kinkaid without a rebound.
8:27 of 2nd period - Jakub Vrana wins face-off versus Tyler Motte in TORONTO Maple Leafs zone.
8:27 of 2nd period - Sebastian Aho is hit by Tyler Motte and loses puck.
8:39 of 2nd period - Off-side.
8:40 of 2nd period - Colton Sissons wins face-off versus Derick Brassard in neutral zone.
8:58 of 2nd period - Shot by Colton Sissons.
8:58 of 2nd period - Shot Blocked by Alex Goligoski.
9:00 of 2nd period - Shot by Colton Sissons.
9:00 of 2nd period - Deflect By Curtis Lazar.
9:00 of 2nd period - Shot Misses the Net.
9:04 of 2nd period - Shot by Blake Wheeler.
9:04 of 2nd period - Shot Blocked by Jake Muzzin.
9:06 of 2nd period - Shot by Curtis Lazar.
9:06 of 2nd period - Deflect By Colton Sissons.
9:06 of 2nd period - Shot Misses the Net.
9:52 of 2nd period - Shot by Alex Debrincat.
9:52 of 2nd period - Deflect By Jordan Kyrou.
9:52 of 2nd period - Stopped by Antti Raanta without a rebound.
9:53 of 2nd period - Jonathan Huberdeau wins face-off versus Marcus Johansson in CAROLINA Hurricanes zone.
9:53 of 2nd period - Corey Perry is hit by KAndre Miller.
9:55 of 2nd period - Shot by Sebastian Aho.
9:55 of 2nd period - Shot Misses the Net.
10:12 of 2nd period - Jakub Vrana is hit by Wayne Simmonds and loses puck.
10:34 of 2nd period - Icing by Sebastian Aho.
10:35 of 2nd period - Jonathan Huberdeau wins face-off versus Tyler Motte in TORONTO Maple Leafs zone.
10:58 of 2nd period - Shot by Brandon Sutter.
10:58 of 2nd period - Shot Misses the Net.
11:05 of 2nd period - Tyler Motte is hit by Drew Doughty and loses puck.
12:20 of 2nd period - Mason Marchment is hit by KAndre Miller and loses puck.
12:50 of 2nd period - Shot by Blake Wheeler.
12:50 of 2nd period - Shot Hit the Post.
13:05 of 2nd period - Colton Sissons is hit by Jake Muzzin and loses puck.
13:14 of 2nd period - Colton Sissons is hit by Brady Tkachuk and loses puck.
14:35 of 2nd period - Shot by Alex Debrincat.
14:35 of 2nd period - Shot Blocked by Brett Pesce.
14:57 of 2nd period - Shot by James van Riemsdyk.
14:57 of 2nd period - Deflect By Wayne Simmonds.
14:57 of 2nd period - Stopped by Keith Kinkaid without a rebound.
14:58 of 2nd period - Derick Brassard wins face-off versus Connor Dewar in TORONTO Maple Leafs zone.
15:05 of 2nd period - Shot by Dominik Kahun.
15:05 of 2nd period - Stopped by Antti Raanta without a rebound.
15:06 of 2nd period - Connor Dewar wins face-off versus Jonathan Huberdeau in CAROLINA Hurricanes zone.
15:06 of 2nd period - Connor Dewar is hit by Jonathan Huberdeau.
15:23 of 2nd period - Off-side.
15:24 of 2nd period - Tyler Motte wins face-off versus Jordan Kyrou in neutral zone.
15:59 of 2nd period - Shot by Pontus Aberg.
15:59 of 2nd period - Shot Misses the Net.
16:01 of 2nd period - Shot by Brandon Sutter.
16:01 of 2nd period - Stopped by Keith Kinkaid without a rebound.
16:02 of 2nd period - Marcus Johansson wins face-off versus Jakub Vrana in TORONTO Maple Leafs zone.
16:06 of 2nd period - Wayne Simmonds is hit by Chad Ruhwedel and loses puck.
16:37 of 2nd period - Shot by Wayne Simmonds.
16:37 of 2nd period - Deflect By James van Riemsdyk.
16:37 of 2nd period - Goal by James van Riemsdyk - CAROLINA Hurricanes : 3 - TORONTO Maple Leafs : 2.
16:38 of 2nd period - Colton Sissons wins face-off versus Derick Brassard in neutral zone.
17:02 of 2nd period - Shot by Blake Wheeler.
17:02 of 2nd period - Stopped by Keith Kinkaid without a rebound.
17:03 of 2nd period - Tyler Motte wins face-off versus Jordan Kyrou in TORONTO Maple Leafs zone.
17:15 of 2nd period - Off-side.
17:16 of 2nd period - Jonathan Huberdeau wins face-off versus Marcus Johansson in neutral zone.
17:19 of 2nd period - Shot by Quinn Hughes.
17:19 of 2nd period - Shot Blocked by Ryan Ellis.
17:27 of 2nd period - Shot by James van Riemsdyk.
17:27 of 2nd period - Shot Misses the Net.
17:31 of 2nd period - Shot by Wayne Simmonds.
17:31 of 2nd period - Stopped by Keith Kinkaid without a rebound.
17:32 of 2nd period - Jordan Kyrou wins face-off versus Tyler Motte in TORONTO Maple Leafs zone.
17:36 of 2nd period - Mason Marchment is hit by Esa Lindell and loses puck.
17:54 of 2nd period - Icing by Jake Muzzin.
17:55 of 2nd period - Marcus Johansson wins face-off versus Jordan Kyrou in TORONTO Maple Leafs zone.
17:59 of 2nd period - Icing by Alex Goligoski.
18:00 of 2nd period - Marcus Johansson wins face-off versus Alex Debrincat in TORONTO Maple Leafs zone.
18:06 of 2nd period - Minor Penalty to Alex Goligoski for Slashing.
18:07 of 2nd period - Christopher Wagner wins face-off versus Marcus Johansson in TORONTO Maple Leafs zone.
Goals for this period are 1 for CAROLINA Hurricanes vs 0 for TORONTO Maple Leafs.
Shots for this period are 7 for CAROLINA Hurricanes vs 7 for TORONTO Maple Leafs.

3rd period


0:01 of 3rd period - Marcus Johansson wins face-off versus Mason Marchment in neutral zone.
0:04 of 3rd period - Shot by Ryan Ellis.
0:04 of 3rd period - Shot Blocked by Quinn Hughes.
0:14 of 3rd period - Shot by Brady Tkachuk.
0:14 of 3rd period - Stopped by Antti Raanta with a rebound.
0:16 of 3rd period - Shot by Drew Doughty.
0:16 of 3rd period - Stopped by Antti Raanta without a rebound.
0:17 of 3rd period - Marcus Johansson wins face-off versus Jordan Kyrou in CAROLINA Hurricanes zone.
0:32 of 3rd period - Marcus Johansson is hit by Mason Marchment and loses puck.
0:42 of 3rd period - Icing by Brett Pesce.
0:43 of 3rd period - Jonathan Huberdeau wins face-off versus Marcus Johansson in CAROLINA Hurricanes zone.
0:48 of 3rd period - Shot by Corey Perry.
0:48 of 3rd period - Stopped by Antti Raanta without a rebound.
0:49 of 3rd period - Jonathan Huberdeau wins face-off versus Tyler Motte in CAROLINA Hurricanes zone.
1:06 of 3rd period - Shot by Brandon Sutter.
1:06 of 3rd period - Shot Blocked by Corey Perry.
1:18 of 3rd period - Shot by Pontus Aberg.
1:18 of 3rd period - Stopped by Keith Kinkaid with a rebound.
2:06 of 3rd period - Shot by James van Riemsdyk.
2:06 of 3rd period - Stopped by Keith Kinkaid without a rebound.
2:07 of 3rd period - Colton Sissons wins face-off versus Jordan Kyrou in TORONTO Maple Leafs zone.
2:07 of 3rd period - Blake Wheeler is hit by Chad Ruhwedel and loses puck.
2:14 of 3rd period - Alex Debrincat is hit by Curtis Lazar and loses puck.
2:27 of 3rd period - Icing by KAndre Miller.
2:28 of 3rd period - Colton Sissons wins face-off versus Derick Brassard in CAROLINA Hurricanes zone.
2:51 of 3rd period - Shot by Derick Brassard.
2:51 of 3rd period - Deflect By Dominik Kahun.
2:51 of 3rd period - Shot Misses the Net.
2:59 of 3rd period - Colton Sissons is hit by Brady Tkachuk and loses puck.
3:03 of 3rd period - Icing by KAndre Miller.
3:04 of 3rd period - Colton Sissons wins face-off versus Jordan Kyrou in CAROLINA Hurricanes zone.
3:11 of 3rd period - Alex Debrincat is hit by Colton Sissons and loses puck.
3:34 of 3rd period - Shot by Mason Marchment.
3:34 of 3rd period - Shot Misses the Net.
3:36 of 3rd period - Shot by Quinn Hughes.
3:36 of 3rd period - Shot Misses the Net.
3:38 of 3rd period - Shot by Chad Ruhwedel.
3:38 of 3rd period - Goal by Chad Ruhwedel - CAROLINA Hurricanes : 3 - TORONTO Maple Leafs : 3.
3:39 of 3rd period - Jonathan Huberdeau wins face-off versus Tyler Motte in neutral zone.
3:49 of 3rd period - Shot by Jonathan Huberdeau.
3:49 of 3rd period - Stopped by Antti Raanta without a rebound.
3:50 of 3rd period - Marcus Johansson wins face-off versus Jack Mcbain in CAROLINA Hurricanes zone.
4:16 of 3rd period - Off-side.
4:17 of 3rd period - Jordan Kyrou wins face-off versus Tyler Motte in neutral zone.
4:31 of 3rd period - Shot by Mason Marchment.
4:31 of 3rd period - Shot Misses the Net.
5:12 of 3rd period - Off-side.
5:13 of 3rd period - Jonathan Huberdeau wins face-off versus Marcus Johansson in neutral zone.
5:15 of 3rd period - Jake Muzzin is hit by Ryan Ellis and loses puck.
5:51 of 3rd period - Shot by Wayne Simmonds.
5:51 of 3rd period - Shot Misses the Net.
5:53 of 3rd period - Shot by Wayne Simmonds.
5:53 of 3rd period - Stopped by Keith Kinkaid without a rebound.
5:54 of 3rd period - Colton Sissons wins face-off versus Derick Brassard in TORONTO Maple Leafs zone.
6:01 of 3rd period - Shot by Curtis Lazar.
6:01 of 3rd period - Stopped by Keith Kinkaid without a rebound.
6:02 of 3rd period - Derick Brassard wins face-off versus Colton Sissons in TORONTO Maple Leafs zone.
6:09 of 3rd period - Shot by Curtis Lazar.
6:09 of 3rd period - Shot Misses the Net.
6:11 of 3rd period - Shot by Cam York.
6:11 of 3rd period - Shot Blocked by Drew Doughty.
6:15 of 3rd period - Shot by Colton Sissons.
6:15 of 3rd period - Stopped by Keith Kinkaid with a rebound.
6:17 of 3rd period - Shot by Blake Wheeler.
6:17 of 3rd period - Stopped by Keith Kinkaid without a rebound.
6:18 of 3rd period - Jordan Kyrou wins face-off versus Tyler Motte in TORONTO Maple Leafs zone.
7:11 of 3rd period - Icing by Quinn Hughes.
7:12 of 3rd period - Marcus Johansson wins face-off versus Jordan Kyrou in TORONTO Maple Leafs zone.
7:15 of 3rd period - Shot by Wayne Simmonds.
7:15 of 3rd period - Stopped by Keith Kinkaid without a rebound.
7:16 of 3rd period - Jonathan Huberdeau wins face-off versus Marcus Johansson in TORONTO Maple Leafs zone.
7:16 of 3rd period - Jonathan Huberdeau is hit by Wayne Simmonds.
7:34 of 3rd period - Esa Lindell is hit by Jonathan Huberdeau and loses puck.
7:47 of 3rd period - Shot by Wayne Simmonds.
7:47 of 3rd period - Stopped by Keith Kinkaid without a rebound.
7:48 of 3rd period - Curtis Lazar wins face-off versus Derick Brassard in TORONTO Maple Leafs zone.
8:23 of 3rd period - Shot by Blake Wheeler.
8:23 of 3rd period - Stopped by Keith Kinkaid without a rebound.
8:24 of 3rd period - Marcus Johansson wins face-off versus Jordan Kyrou in TORONTO Maple Leafs zone.
8:31 of 3rd period - Shot by Marcus Johansson.
8:31 of 3rd period - Goal by Marcus Johansson - CAROLINA Hurricanes : 4 - TORONTO Maple Leafs : 3.
8:32 of 3rd period - Marcus Johansson wins face-off versus Jordan Kyrou in neutral zone.
8:34 of 3rd period - Off-side.
8:35 of 3rd period - Jordan Kyrou wins face-off versus Marcus Johansson in neutral zone.
9:10 of 3rd period - Shot by Mason Marchment.
9:10 of 3rd period - Stopped by Antti Raanta with a rebound.
9:12 of 3rd period - Shot by Chad Ruhwedel.
9:12 of 3rd period - Stopped by Antti Raanta without a rebound.
9:13 of 3rd period - Jonathan Huberdeau wins face-off versus Tyler Motte in CAROLINA Hurricanes zone.
9:22 of 3rd period - Shot by Corey Perry.
9:22 of 3rd period - Shot Misses the Net.
9:35 of 3rd period - Pontus Aberg is hit by Jonathan Huberdeau and loses puck.
9:36 of 3rd period - Minor Penalty to Jonathan Huberdeau for Slashing.
9:37 of 3rd period - Jakub Vrana wins face-off versus Marcus Johansson in TORONTO Maple Leafs zone.
9:46 of 3rd period - Shot by Corey Perry.
9:46 of 3rd period - Shot Misses the Net.
9:48 of 3rd period - Shot by Mason Marchment.
9:48 of 3rd period - Stopped by Antti Raanta without a rebound.
9:49 of 3rd period - Christopher Wagner wins face-off versus Tyler Motte in CAROLINA Hurricanes zone.
9:53 of 3rd period - Icing by Owen Power.
9:54 of 3rd period - Mason Marchment wins face-off versus Tyler Motte in CAROLINA Hurricanes zone.
10:24 of 3rd period - Shot by Pontus Aberg.
10:24 of 3rd period - Stopped by Keith Kinkaid without a rebound.
10:25 of 3rd period - Christopher Wagner wins face-off versus Marcus Johansson in TORONTO Maple Leafs zone.
10:36 of 3rd period - Shot by Ryan Ellis.
10:36 of 3rd period - Shot Blocked by Alex Goligoski.
11:07 of 3rd period - Wayne Simmonds is hit by Jake Muzzin and loses puck.
11:20 of 3rd period - Shot by Brandon Sutter.
11:20 of 3rd period - Shot Misses the Net.
11:22 of 3rd period - Shot by Esa Lindell.
11:22 of 3rd period - Stopped by Keith Kinkaid without a rebound.
11:23 of 3rd period - Christopher Wagner wins face-off versus Tyler Motte in TORONTO Maple Leafs zone.
11:44 of 3rd period - Shot by Dominik Kahun.
11:44 of 3rd period - Stopped by Antti Raanta without a rebound.
11:45 of 3rd period - Alex Chiasson wins face-off versus Blake Wheeler in CAROLINA Hurricanes zone.
12:08 of 3rd period - Shot by Christopher Wagner.
12:08 of 3rd period - Shot Misses the Net.
12:10 of 3rd period - Shot by Quinn Hughes.
12:10 of 3rd period - Stopped by Antti Raanta without a rebound.
12:11 of 3rd period - Jordan Kyrou wins face-off versus Marcus Johansson in CAROLINA Hurricanes zone.
12:56 of 3rd period - Shot by Jordan Kyrou.
12:56 of 3rd period - Shot Misses the Net.
13:25 of 3rd period - Shot by Jonathan Huberdeau.
13:25 of 3rd period - Stopped by Antti Raanta without a rebound.
13:26 of 3rd period - Derick Brassard wins face-off versus Colton Sissons in CAROLINA Hurricanes zone.
13:37 of 3rd period - Shot by Dominik Kahun.
13:37 of 3rd period - Deflect By Brady Tkachuk.
13:37 of 3rd period - Stopped by Antti Raanta without a rebound.
13:38 of 3rd period - Jonathan Huberdeau wins face-off versus Tyler Motte in CAROLINA Hurricanes zone.
13:39 of 3rd period - Shot by Quinn Hughes.
13:39 of 3rd period - Stopped by Antti Raanta without a rebound.
13:40 of 3rd period - Tyler Motte wins face-off versus Jonathan Huberdeau in CAROLINA Hurricanes zone.
13:44 of 3rd period - KAndre Miller is hit by Jonathan Huberdeau and loses puck.
14:28 of 3rd period - Quinn Hughes is hit by Tyler Motte and loses puck.
15:19 of 3rd period - Icing by Jake Muzzin.
15:20 of 3rd period - Curtis Lazar wins face-off versus Jordan Kyrou in TORONTO Maple Leafs zone.
15:24 of 3rd period - Minor Penalty to Colton Sissons for Hooking.
15:25 of 3rd period - Marcus Johansson wins face-off versus Mason Marchment in CAROLINA Hurricanes zone.
15:50 of 3rd period - James van Riemsdyk is hit by Brady Tkachuk and loses puck.
16:00 of 3rd period - Icing by Jake Muzzin.
16:01 of 3rd period - Blake Lizotte wins face-off versus Mason Marchment in TORONTO Maple Leafs zone.
16:10 of 3rd period - Owen Power is hit by Brady Tkachuk.
16:17 of 3rd period - Icing by Jake Muzzin.
16:18 of 3rd period - Marcus Johansson wins face-off versus Mason Marchment in TORONTO Maple Leafs zone.
18:28 of 3rd period - Shot by Brandon Sutter.
18:28 of 3rd period - Deflect By Tyler Motte.
18:28 of 3rd period - Shot Misses the Net.
18:30 of 3rd period - Shot by Tyler Motte.
18:30 of 3rd period - Shot Misses the Net.
18:32 of 3rd period - Shot by Pontus Aberg.
18:32 of 3rd period - Stopped by Keith Kinkaid without a rebound.
18:33 of 3rd period - Connor Dewar wins face-off versus Jordan Kyrou in TORONTO Maple Leafs zone.
18:38 of 3rd period - Shot by Connor Dewar.
18:38 of 3rd period - Stopped by Keith Kinkaid without a rebound.
18:39 of 3rd period - Jordan Kyrou wins face-off versus Marcus Johansson in TORONTO Maple Leafs zone.
18:43 of 3rd period - Minor Penalty to Wayne Simmonds for Holding Stick.
18:44 of 3rd period - Jordan Kyrou wins face-off versus Marcus Johansson in CAROLINA Hurricanes zone.
19:01 of 3rd period - TORONTO Maple Leafs, Keith Kinkaid is pulled from the net.
Goals for this period are 1 for CAROLINA Hurricanes vs 1 for TORONTO Maple Leafs.
Shots for this period are 14 for CAROLINA Hurricanes vs 13 for TORONTO Maple Leafs.